 Dungeon Crawl Stone Soup version 0.26.1-11-gd32895ea62 (webtiles) character file.

Game seed: 2360876145181860747

1582 Exodus22XD the Cleaver (level 8, 0/69 (70) HPs)
             Began as a Hill Orc Monk on May 1, 2021.
             Slain by a wight
             ... wielding a +0 spear
              (2 damage)
             ... on level 7 of the Dungeon.
             The game lasted 00:09:54 (8205 turns).

Exodus22XD the Cleaver (Hill Orc Monk)              Turns: 8205, Time: 00:09:56

HP:   0/69 (70)     AC: 16    Str: 18    XL:     8   Next: 91%
MP:   8/8           EV: 10    Int: 10    God:
Gold: 315           SH: 10    Dex: 13    Spells: 7/7 levels left

rFire    . . .     SeeInvis .   a - +0 hand axe
rCold    . . .     Faith    .   p - +0 kite shield
rNeg     . . .     Spirit   .   w - +7 ring mail "Kagrigi" {+Fly rPois}
rPois    +         Reflect  .   g - +0 helmet
rElec    .         Harm     .   (no cloak)
rCorr    .         Rampage  .   (no gloves)
Will     .....                  l - +0 pair of boots
Stlth    +.........             (no amulet)
HPRegen  0.21/turn              (no ring)
MPRegen  0.11/turn              (no ring)

@: lightly drained
A: blink, blurry vision 1, strong 1
a: Blink, Evoke Flight


You were on level 7 of the Dungeon.
You visited 1 branch of the dungeon, and saw 7 of its levels.
You also visited: Ossuary.

You collected 315 gold pieces.

Inventory:

Hand Weapons
 a - a +0 hand axe (weapon)
Armour
 g - a +0 helmet (worn)
 l - a +0 pair of boots (worn)
 p - a +0 kite shield (worn)
 w - the +7 ring mail "Kagrigi" (worn) {+Fly rPois}
   (You found it on level 5 of the Dungeon)

   It protects you from poison.
   It lets you fly.
Wands
 d - a wand of flame (11)
 h - a wand of iceblast (7)
 k - a wand of enslavement (5)
 t - a wand of polymorph (6)
 v - a wand of disintegration (13)
 y - a wand of paralysis (4)
Scrolls
 b - 3 scrolls of enchant armour
 e - 5 scrolls of remove curse
 i - 2 scrolls of immolation
 j - a scroll of blinking
 n - 3 scrolls of identify
 q - 3 scrolls of teleportation
Potions
 c - a potion of flight
 f - 2 potions of heal wounds
 m - a potion of curing
 o - a potion of haste
 r - a potion of lignification {unknown}
 s - 2 potions of might
 u - 2 potions of invisibility


   Skills:
 + Level 5.7 Fighting
 + Level 9.1 Axes
 * Level 6.4 Armour
 - Level 2.4 Dodging
 - Level 1.5 Stealth
 * Level 5.7 Shields


You had 7 spell levels left.
You didn't know any spells.
Your spell library was empty.

Dungeon Overview and Level Annotations

Branches:
Dungeon (8/15)            Ossuary (visited)
 Temple: D:4-7         Lair: D:8-11

Altars:
Xom
Zin

Shops:
D:7 [


Innate Abilities, Weirdness & Mutations

You can translocate small distances at will.
Scrolls take you a little longer to read.
Your muscles are strong. (Str +2)


Message History

The orc is moderately wounded.
You hit the wight but do no damage. The wight hits you but does no damage.
You block the orc's attack. The wight barely misses you.
You slash the orc!
You kill the orc!
You hit the wight but do no damage. The wight closely misses you.
The wight hits you but does no damage.
You hit the orc but do no damage. You hit the wight but do no damage.
You block the wight's attack. You block the orc's attack.
The wight barely misses you.
You slash the orc!
You kill the orc!
You hit the wight but do no damage. The wight hits you but does no damage.
You slash the wight!
The wight is heavily damaged.
You closely miss the wight. You block the wight's attack.
The wight hits you from afar with a +0 spear.
* * * LOW HITPOINT WARNING * * *
You feel drained.
You die...

)# #.# ## #.# #.# #.#
#.# #.#### ####### #
#.##.## o......
#########.#...###z......
...............)@zz.....
#########.....####......
# #.....# ..... #.....#
.... #.....# ... ###.###
'# #.# # #.#


You could see 3 wights and an orc wizard.

Vanquished Creatures
  Edmund (D:4)
  A sky beast (D:5)
  An ice beast (D:7)
  2 phantoms (D:7)
  An elf zombie (Ossuary)
  2 bullfrogs
  2 scorpions
  A jelly (D:7)
  2 wights (D:7)
  A centaur zombie (Ossuary)
  2 hounds (D:4)
  A human zombie (Ossuary)
  2 iguanas (D:4)
  An orc wizard (D:7)
  4 worker ants
  A big kobold zombie (Ossuary)
  A hound skeleton (D:5)
  3 mummies (Ossuary)
  4 gnolls (D:7)
  6 adders
  2 shadow imps
  A white imp (D:5)
  An ufetubus (D:7)
  An ooze (D:3)
  2 adder zombies (Ossuary)
  8 worms
  3 dart slugs (D:1)
  4 leopard geckos
  17 orcs
  11 giant cockroaches
  A gnoll zombie (Ossuary)
  9 hobgoblins
  10 jackals
  8 kobolds
  4 quokkas
  A ball python (D:3)
  7 bats
  8 frilled lizards
  A giant cockroach zombie (D:5)
  4 goblins
  7 goblin zombies (Ossuary)
  2 hobgoblin zombies (Ossuary)
  4 jackal zombies (Ossuary)
  5 kobold zombies (Ossuary)
  3 orc zombies (Ossuary)
  A quokka skeleton (D:5)
  5 quokka zombies
  5 rats
  4 rat zombies (Ossuary)
178 creatures vanquished.

Notes
Turn   | Place    | Note
-------+----------+-------------------------------------------
     0 | D:1      | Exodus22XD the Hill Orc Monk began the quest for the Orb.
     0 | D:1      | Reached XP level 1. HP: 19/19 MP: 1/1
   464 | D:1      | Reached XP level 2. HP: 26/27 MP: 2/2
   682 | D:1      | Reached skill level 1 in Armour
   774 | D:1      | Reached XP level 3. HP: 33/33 MP: 3/3
  1564 | D:2      | Reached skill level 5 in Axes
  1604 | D:2      | Reached XP level 4. HP: 23/40 MP: 4/4
  2941 | D:3      | Gained mutation: You are clumsy. (Dex -2) [potion of
                  | mutation]
  2941 | D:3      | Gained mutation: Your spells are a little harder to cast,
                  | but a little more powerful. [potion of mutation]
  2943 | D:3      | HP: 2/40 [poisoned by an adder]
  2983 | D:3      | Reached XP level 5. HP: 15/46 MP: 5/5
  3457 | D:3      | Found a shimmering altar of Xom.
  3458 | D:3      | Noticed an angel
  3477 | D:3      | Found a glowing silver altar of Zin.
  3543 | D:4      | Reached skill level 1 in Shields
  3663 | D:4      | Reached XP level 6. HP: 7/53 MP: 6/6
  3667 | D:4      | HP: 2/53 [worm (6)]
  3738 | D:3      | Reached skill level 6 in Axes
  5010 | D:4      | Reached XP level 7. HP: 60/60 MP: 7/7
  5286 | D:5      | Entered Level 5 of the Dungeon
  5286 | D:5      | Found a sand-covered staircase.
  5286 | D:5      | Noticed Edmund
  5331 | D:4      | HP: 3/60 [poisoned by a worker ant]
  5340 | D:4      | HP: 2/60 [poisoned by a worker ant]
  5347 | D:4      | HP: 2/60 [poisoned by a worker ant]
  5354 | D:4      | HP: 2/60 [poisoned by a worker ant]
  5360 | D:4      | HP: 2/60 [poisoned by a worker ant]
  5417 | Ossuary  | Entered an ossuary
  6151 | Ossuary  | Reached skill level 5 in Fighting
  6151 | Ossuary  | Reached skill level 7 in Axes
  6151 | Ossuary  | Reached skill level 5 in Armour
  6403 | D:4      | Killed Edmund
  6404 | D:4      | Reached XP level 8. HP: 62/68 MP: 8/8
  6465 | D:5      | Got an ichor-stained ring mail
  6846 | D:5      | Reached skill level 8 in Axes
  6937 | D:5      | Lost mutation: Your spells are a little harder to cast, but
                  | a little more powerful. [potion of mutation]
  6937 | D:5      | Lost mutation: You are clumsy. (Dex -2) [potion of
                  | mutation]
  6937 | D:5      | Gained mutation: Your muscles are strong. (Str +2) [potion
                  | of mutation]
  6937 | D:5      | Gained mutation: Scrolls take you a little longer to read.
                  | [potion of mutation]
  6937 | D:5      | Gained mutation: You can translocate small distances at
                  | will. [potion of mutation]
  7448 | D:5      | You fall into a shaft and drop 3 floors!
  7772 | D:7      | Reached skill level 5 in Shields
  7891 | D:7      | Identified the +7 ring mail "Kagrigi" {+Fly rPois} (You
                  | found it on level 5 of the Dungeon)
  7959 | D:7      | Found Vaucuxt's Armour Shoppe.
  8198 | D:7      | Reached skill level 9 in Axes
  8205 | D:7      | HP: 2/70 [wight/+0 spear (5)]
  8205 | D:7      | Slain by a wight

Illustrated notes

Levels and vault maps discovered:
D:1:      heliophobic_arrival_dark_side_of_the_moon, layout_basic,
          feat_on_display
D:2:      layout_loops_cross, wad_floor_pattern_untrapped, minmay_quantized
D:3:      layout_rooms, grunt_temple_overflow_order_and_chaos_1
D:4:      layout_loops_ring
D:5:      layout_rooms, nicolae_ossuary_entry_ruins, kennysheep_generic_room_15,
          uniq_edmund
D:7:      layout_loops_corners, serial_shops, shop, minivault_25,
          grunt_decor_junction
D:8:      layout_loops_corners, serial_shops, nicolae_shop_waterfront, uniq_grum

Skill      XL: |  1  2  3  4  5  6  7  8 |
---------------+-------------------------+-----
Fighting       | 4 5 |  5.7
Armour         | 1 2 3 4 5 6 |  6.4
Axes           | 5 6 7 9 |  9.1
Shields        | 2 3 4 5 |  5.7
Dodging        | |  2.4
Stealth        | |  1.5

Action                   |  1- 3 |  4- 6 |  7- 9 || total
-------------------------+-------+-------+-------++-------
Melee: Hand axe          |   113 |   352 |   617 ||  1082
       Unarmed           |       |       |     5 ||     5
  Use: Scroll            |     1 |     3 |     9 ||    13
       Potion            |       |     3 |     3 ||     6
 Stab: Sleeping          |       |     1 |       ||     1
Armor: Leather armour    |     9 |       |       ||     9
       Ring mail         |    22 |    21 |    31 ||    74
       Chain mail        |       |   175 |   230 ||   405
       Skin              |       |       |     8 ||     8
Dodge: Dodged            |    75 |    92 |   133 ||   300
Block: Kite shield       |       |   118 |   220 ||   338
